Map: Newkirk Precinct TE (Void)

Players

Railgan

  • Race: Zerg Zerg
  • League: Grandmaster
  • Spawn Location: 7:00

Semper - Winner!

  • Race: Terran Terran
  • League: Grandmaster
  • Spawn Location: 5:00

VOD

Have the link to the VOD?

Description

Time

  • Played on: March 20, 2017, 6:54 p.m.
  • Length: 11:28
Show
View Real Time Build Order
Export as new Build Order

Railgan Zerg 

Build Orders: Pool First, Swarm Host 

Get SALT Encoding   

  12  0:01  Drone  
  13  0:13  Overlord  
  13  0:18  Drone  
  14  0:31  Drone x2  
  14  0:35  Drone  
  17  0:46  Drone  
  18  0:52  Spawning Pool  
  18  0:56  Drone  
  18  1:14  Hatchery  
  18  1:15  Extractor  
  17  1:18  Drone  
  17  1:21  Drone  
  18  1:30  Drone  
  19  1:39  Queen  
  21  1:41  Zergling x2  
  22  1:50  Overlord  
  22  2:09  Drone  
  22  2:13  Drone  
  22  2:15  Queen  
  26  2:21  Metabolic Boost  
  26  2:24  Drone  
  26  2:25  Queen  
  26  2:27  Drone  
  30  2:35  Drone  
  31  2:41  Drone  
  31  2:44  Drone  
  33  2:46  Overlord  
  33  2:48  Drone  
  33  2:49  Drone  
  35  2:55  Drone  
  35  2:58  Evolution Chamber  
  35  3:00  Drone  
  36  3:07  Drone  
  36  3:08  Drone  
  38  3:15  Spine Crawler, Drone  
  38  3:19  Drone  
  40  3:20  Drone  
  40  3:25  Zerg Ground Armor Level 1  
  40  3:26  Zergling x2  
  41  3:28  Zergling x4  
  41  3:30  Drone  
  41  3:32  Overlord  
  43  3:51  Drone  
  43  3:52  Drone x2  
  45  3:56  Drone x5  
  45  3:57  Lair  
  45  3:59  Extractor  
  48  4:14  Zergling x2  
  48  4:15  Zergling x6  
  50  4:18  Zergling x2  
  50  4:19  Zergling x4  
  52  4:30  Baneling Nest, Overlord  
  52  4:31  Extractor, Drone  
  50  4:32  Extractor, Drone, Hatchery  
  50  4:42  Zergling x4  
  52  4:48  Overlord  
  52  4:49  Zergling x2  
  52  4:50  Zergling x6  
  55  4:55  Drone x2  
  53  5:02  Drone x4  
  57  5:09  Spire  
  57  5:11  Queen  
  58  5:17  Queen  
  60  5:23  Drone  
  60  5:24  Drone  
  62  5:30  Drone  
  62  5:32  Drone x5  
  60  5:42  Overlord  
  60  5:45  Queen  
  60  5:46  Drone x2  
  64  6:00  Zergling x10  
  64  6:03  Zergling x2, Queen  
  72  6:07  Queen  
  74  6:13  Zergling x4  
  74  6:14  Zergling x6  
  77  6:22  Drone x2  
  77  6:25  Drone  
  72  6:34  Drone x3  
  72  6:36  Drone  
  72  6:37  Drone x4  
  74  6:47  Drone x5  
  79  6:54  Overlord  
  79  6:56  Zerg Ground Armor Level 2  
  79  7:03  Evolution Chamber  
  79  7:08  Overlord  
  78  7:11  Overlord  
  78  7:15  Centrifical Hooks  
  78  7:18  Zerg Flyer Weapons Level 1  
  78  7:19  Corruptor  
  80  7:23  Corruptor  
  80  7:28  Drone  
  80  7:29  Drone x3  
  86  7:35  Zerg Melee Weapons Level 1  
  86  7:37  Overlord  
  86  7:39  Infestation Pit  
  85  7:45  Drone x2  
  85  7:46  Extractor  
  85  7:48  Extractor  
  85  7:52  Baneling  
  85  7:53  Baneling x4  
  85  7:55  Zergling x4  
  86  8:01  Drone x5  
  86  8:02  Drone  
  88  8:13  Zergling x2  
  88  8:14  Zergling x18  
  88  8:17  Corruptor  
  91  8:23  Zergling x2  
  91  8:24  Zergling x6  
  95  8:33  Baneling  
  95  8:34  Baneling x3  
  95  8:44  Overlord  
  95  8:49  Corruptor  
  95  8:51  Zergling x2  
  95  8:52  Baneling x3  
  95  8:55  Overlord x3  
  98  8:56  Overlord  
  98  9:00  Overlord  
  98  9:04  Drone  
  98  9:05  Zergling x10  
  104  9:12  Drone  
  105  9:17  Baneling x2  
  105  9:18  Baneling x2, Overseer, Swarm Host x2  
  105  9:19  Swarm Host x2  
  117  9:28  Swarm Host x4  
  117  9:30  Baneling  
  117  9:31  Baneling  
  120  9:34  Baneling x5  
  120  9:36  Zergling x2  
  121  9:46  Swarm Host x2  
  121  9:50  Zergling x2  
  118  10:08  Hatchery  
  118  10:11  Zergling x22  
  118  10:26  Zergling x2  
  118  10:27  Zergling x10  
  125  10:28  Drone x2  
  125  10:29  Drone x3  
  125  10:30  Drone, Corruptor  
  125  10:35  Swarm Host  
  132  10:37  Overlord  
  132  10:38  Overlord  
  132  10:39  Overlord  
  135  10:49  Overlord, Overseer  
  131  10:51  Overlord  
  131  10:53  Overlord  
  131  10:54  Swarm Host x2  
  132  11:10  Zergling x2  
  133  11:13  Drone  
Show
View Real Time Build Order
Export as new Build Order

Semper Terran - Winner!

Build Orders: Hellion Opening, MMM Bio 

Get SALT Encoding   

  12  0:00  SCV  
  13  0:12  SCV  
  14  0:18  Supply Depot  
  14  0:24  SCV  
  15  0:29  Refinery  
  15  0:40  SCV  
  16  0:45  Barracks  
  16  0:52  SCV  
  17  1:04  SCV  
  18  1:16  SCV  
  19  1:32  Reaper, Orbital Command  
  20  1:48  Command Center  
  20  1:57  SCV  
  21  2:01  Factory  
  21  2:07  Barracks Reactor  
  21  2:12  SCV  
  21  2:14  Refinery  
  22  2:23  Supply Depot  
  22  2:24  SCV  
  23  2:45  SCV  
  23  2:47  Starport  
  24  2:52  Hellion  
  24  2:53  Hellion  
  24  2:56  Barracks Tech Lab  
  24  2:57  SCV  
  29  3:03  Orbital Command  
  29  3:09  SCV  
  30  3:17  Hellion  
  30  3:19  Hellion  
  34  3:23  SCV  
  35  3:30  Raven  
  35  3:31  SCV  
  38  3:35  SCV  
  39  3:43  SCV  
  39  3:44  Hellion x2  
  43  3:53  SCV  
  40  3:56  Supply Depot, SCV  
  41  4:05  SCV  
  41  4:08  Hellion x2  
  46  4:18  SCV x2  
  48  4:30  Supply Depot, SCV x2  
  50  4:33  Command Center  
  50  4:34  Liberator  
  50  4:38  Marine  
  50  4:41  Stimpack  
  50  4:42  SCV x2  
  53  4:50  Factory Reactor  
  56  4:54  SCV  
  56  4:59  SCV  
  58  5:01  Marine  
  58  5:07  Barracks  
  59  5:08  Supply Depot  
  59  5:09  Barracks, SCV  
  60  5:18  Engineering Bay x2  
  60  5:19  SCV  
  60  5:20  Supply Depot  
  59  5:22  Marine  
  56  5:29  SCV  
  56  5:34  SCV  
  57  5:40  Marine  
  57  5:41  SCV  
  59  5:44  Terran Infantry Armor Level 1, Terran Infantry Weapons Level 1  
  59  5:45  Refinery  
  59  5:46  SCV  
  59  5:48  Refinery  
  60  5:50  Orbital Command  
  60  5:53  SCV  
  61  5:58  Marine  
  61  5:59  SCV  
  61  6:00  Marine x2  
  65  6:05  SCV  
  65  6:06  Marine x2  
  65  6:08  Starport Reactor  
  65  6:11  SCV  
  69  6:14  Factory Reactor  
  69  6:16  Marine  
  70  6:18  SCV  
  70  6:21  SCV  
  70  6:23  Marine x2  
  73  6:29  Marine x2  
  73  6:30  SCV  
  71  6:35  SCV  
  71  6:36  SCV  
  71  6:39  Marine  
  57  6:47  SCV  
  57  6:48  Marine x2  
  57  6:49  Orbital Command  
  57  6:50  Medivac x2  
  64  6:54  Combat Shields  
  64  6:56  SCV  
  64  6:59  Supply Depot  
  65  7:01  Marine x2  
  65  7:02  SCV  
  65  7:05  Marine  
  65  7:06  Marine  
  70  7:12  Widow Mine x2  
  70  7:14  Barracks, SCV  
  75  7:16  Barracks, SCV  
  75  7:18  Marine  
  75  7:22  SCV  
  78  7:23  Marine  
  78  7:26  SCV  
  80  7:31  Marine x3  
  80  7:34  Medivac x2  
  87  7:40  SCV  
  87  7:41  SCV x2  
  87  7:43  Bunker  
  90  7:45  Marine  
  90  7:49  Marine  
  92  7:52  SCV  
  92  7:53  SCV x2  
  92  7:56  Marine  
  92  7:57  Marine  
  97  8:04  Barracks Reactor, Barracks Tech Lab, Marine x2  
  97  8:05  SCV x2  
  100  8:10  Supply Depot  
  100  8:11  Supply Depot x2  
  101  8:13  Widow Mine, Supply Depot  
  101  8:18  Armory  
  101  8:22  Refinery  
  101  8:24  Factory  
  101  8:27  Barracks x2  
  101  8:29  Barracks  
  101  8:31  Marine x3, Widow Mine, SCV x3  
  109  8:34  Supply Depot  
  109  8:37  Supply Depot  
  109  8:43  Marine x4, SCV x2  
  109  8:44  Widow Mine, Marauder  
  109  8:46  Medivac x2  
  123  8:49  Marine  
  124  8:58  Supply Depot  
  124  8:59  Supply Depot x2  
  124  9:01  Marine  
  124  9:02  Marine x4, Widow Mine, Marauder  
  131  9:04  Marine  
  131  9:06  Terran Infantry Weapons Level 2  
  131  9:08  Terran Infantry Armor Level 2  
  134  9:15  Marine  
  134  9:16  Marine, Liberator  
  136  9:23  Marine x5, Marauder  
  136  9:24  Marine x2  
  145  9:31  Marine  
  142  9:33  Marine x2  
  142  9:37  Factory Tech Lab  
  148  9:41  Marine x4  
  148  9:44  Marauder, SCV  
  148  9:45  Supply Depot x2, SCV  
  156  9:47  Supply Depot  
  156  9:57  Marine x2  
  156  9:58  Marauder  
  156  9:59  Barracks Tech Lab  
  161  10:00  Barracks Reactor, Barracks Tech Lab  
  161  10:06  Marauder  
  159  10:12  Marine  
  154  10:19  Marauder  
  156  10:23  Marine  
  156  10:24  Marine x4  
  156  10:25  Medivac x2, Marauder  
  156  10:28  Marine  
  168  10:32  Command Center  
  164  10:36  Marine  
  165  10:45  Marine x3  
  165  10:47  Widow Mine x2  
  165  10:49  Marine  
  171  10:50  Marine x7  
  171  10:51  Widow Mine  
  171  10:54  Marine  
  182  11:02  Marine  
  177  11:05  Marine x2  
  177  11:07  Marine  
Tags
 
Add a new tag
Caveats
  • Supply blocks, unpowered buildings, or Contaminate may cause inaccurate times.
  • Supply counts are checked every 10 seconds.